 Dungeon Crawl Stone Soup version 0.32-a0-699-g1ee5eff69a (webtiles) character file.

Game seed: 7424115746161191270

42 BubbleThief the Vexing (level 3, 0/27 HPs)
             Began as a Human Hexslinger on Mar 14, 2024.
             Slain by a goblin
             ... wielding a +0 dagger
             ... led by Robin
              (4 damage)
             ... on level 2 of the Dungeon.
             The game lasted 00:02:06 (1235 turns).

BubbleThief the Vexing (Human Hexslinger)           Turns: 1235, Time: 00:02:07

Health: 0/27       AC:  2    Str:  8    XL:     3   Next: 54%
Magic:  3/4        EV: 11    Int: 13    God:
Gold:   34         SH:  0    Dex: 17    Spells: 2/4 levels left

rFire   . . .        a - +1 sling
rCold   . . .        (no shield)
rNeg    . . .        c - +0 robe
rPois   .            (no helmet)
rElec   .            (no cloak)
rCorr   .            (no gloves)
SInv    .            (no boots)
Will    .....        (no amulet)
Stlth   ++           (no ring)
HPRegen 0.24/turn    (no ring)
MPRegen 0.09/turn

%: no passive effects
@: lethally poisoned (0 -> -3), weak-willed
A: explore regen
a: no special abilities


You were on level 2 of the Dungeon.
You visited 1 branch of the dungeon, and saw 2 of its levels.

You collected 34 gold pieces.

Inventory:

Hand Weapons
 a - a +1 sling (weapon)
Armour
 c - a +0 robe (worn)
Scrolls
 b - a scroll of poison
 d - a scroll of amnesia {unknown}
 g - a scroll of teleportation {unknown}
Potions
 e - a potion of heal wounds
 f - a potion of might {unknown}
 h - a potion of berserk rage {unknown}


   Skills:
 + Level 1.7 Fighting
 * Level 3.0 Ranged Weapons
 - Level 2.0 Dodging
 - Level 1.0 Spellcasting
 + Level 3.4 Hexes
 - Level 1.0 Fire Magic


You had 2 spell levels left.
You knew the following spells:

 Your Spells              Type           Power      Damage    Failure   Level
a - Jinxbite              Hex            18%        N/A       11%         2

Your spell library contained the following spells:

 Spells                   Type           Power      Damage    Failure   Level
 Sigil of Binding         Hex            9%         N/A       22%         3
 Inner Flame              Hex/Fire       6%         N/A       34%         3
 Cause Fear               Hex            4%         N/A       56%         4
 Dimensional Bullseye     Hex/Tloc       2%         N/A       80%         4


Dungeon Overview and Level Annotations

Branches:
Dungeon (2/15)

Altars:

Annotations:
D:2 Robin


Innate Abilities, Weirdness & Mutations

You regain HP and MP as you explore.


Message History

Unknown command.
* * * LOW HITPOINT WARNING * * *
You feel very sick. The goblin attacks as it pursues you!
The goblin barely misses you.
* * * LOW HITPOINT WARNING * * *
You feel very sick.
Okay, then.
Press: ? - help, v - describe, . - travel
Here: a goblin, wielding a +0 dagger (strong)
The floor.
Unknown command.
It was a potion of heal wounds.
You feel much better.
You feel very sick. The goblin hits you but does no damage.
You feel sick. The goblin attacks as it pursues you!
The goblin hits you with a +0 dagger.
Fire: a) +1 sling
Press: ? - help, Shift-Dir - straight line, f/p - goblin
Aim: a goblin, wielding a +0 dagger (strong, 51% to hit)
You shoot a sling bullet. The sling bullet hits the goblin.
The goblin is almost dead.
You feel very sick. Robin throws the goblin at you!
The goblin hits you with a +0 dagger.
Fire: a) +1 sling
Press: ? - help, Shift-Dir - straight line, f/p - goblin
Aim: a goblin, wielding a +0 dagger (almost dead, strong, 51% to hit)
You shoot a sling bullet. The sling bullet hits the goblin.
You kill the goblin!
You feel sick. The goblin closely misses you.
Unknown command.
Unknown command.
Fire: a) +1 sling
Press: ? - help, Shift-Dir - straight line, f - Robin
Aim: Robin, wielding a +1 spear of venom, wearing a +0 animal skin and wearing a +0 helmet (67% to hit)
You shoot a sling bullet. The sling bullet hits Robin.
Robin is lightly wounded.
You feel sick. The goblin hits you with a +0 dagger.
* * * LOW HITPOINT WARNING * * *
Robin barely misses you. The goblin hits you with a +0 dagger.
You die...

#.......# #.#
#.#####.# #.#
##.#####.#####.#####
#................).#
#..#####.#####.###.#
#..#####.# ##...##
#........# #.....#
#.###########...##
#.g)@g....# ##.##
#.#######.# #.# #)#
#.# #.) #+# #.#g
#..)) ### .) ... ...


You could see Robin and a goblin (strong).

Vanquished Creatures
  A dart slug (D:2)
  2 ribbon worms (D:2)
  3 ball pythons
  A bat (D:1)
  4 endoplasms
  10 goblins
  2 hobgoblins
  2 jackals (D:1)
  3 kobolds (D:1)
  A quokka (D:1)
29 creatures vanquished.

Notes
Turn   | Place    | Note
-------+----------+-------------------------------------------
     0 | D:1      | BubbleThief the Human Hexslinger began the quest for the
                  | Orb.
     0 | D:1      | Reached XP level 1. HP: 15/15 MP: 2/2
   158 | D:1      | Reached XP level 2. HP: 21/21 MP: 3/3
   408 | D:1      | Found a faded altar of an unknown god.
   472 | D:1      | Learned a level 2 spell: Jinxbite
   999 | D:2      | Reached XP level 3. HP: 26/26 MP: 1/4
  1226 | D:2      | Noticed Robin
  1230 | D:2      | HP: 1/27 [poisoned by Robin]
  1235 | D:2      | Slain by a goblin

Illustrated notes

Levels and vault maps discovered:
D:1:      mrwooster_arrival_arrow, layout_loops_cross, serial_glass,
          glass_columns_b, glass_columns_c, shapermc_ecumenical_altar_venn,
          serial_park_tiny_1, chequers_serial_rivers_micro_b,
          kennysheep_small_spiral, chequers_decorated_corner
D:2:      layout_loops_corners, minmay_heptomino_h4, uniq_robin

Skill      XL: |  1  2  3 |
---------------+----------+-----
Ranged Weapons | 3 |  3.0
Fighting       | |  1.7
Dodging        | |  2.0
Spellcasting   | |  1.0
Hexes          | |  3.4
Fire Magic     | |  1.0

Action                     || total
---------------------------++-------
   Fire: Sling             ||    83
   Cast: Jinxbite          ||     3
    Use: Potion            ||     1
 Armour: Robe              ||    27
  Dodge: Dodged            ||    24

Table legend: (Time is in decaauts)
 A = Elapsed time spent in this place.
 B = Non-inter-level travel time spent in this place.
 C = Inter-level travel time spent in this place.
 D = Time resting spent in this place.
 E = Time spent auto-exploring this place.
 F = Levels seen in this place.
 G = Mean time per level.
                   A        B        C        D        E       F      G
               +--------+--------+--------+--------+--------+-----+--------+
         Total |   1258 |   1222 |     36 |      0 |   1016 |   2 |  629.0 |
       Dungeon |   1258 |   1222 |     36 |      0 |   1016 |   2 |  629.0 |
               +--------+--------+--------+--------+--------+-----+--------+

Top non-repeatable levels by time:
     D:1: 928 daAuts
     D:2: 329 daAuts
